 Dungeon Sprint DCSS version 0.25-a0-713-g4845790874 (webtiles) character file.

Game seed: 15182811416621226565, levelgen mode: deterministic

53 Ankalagon the Slasher (level 3, 0/29 HPs)
             Began as a Demonspawn Abyssal Knight on Apr 5, 2020.
             Was a Believer of Lugonu.
             Slain by a water elemental (16 damage)
             ... in the Dungeon (Sprint III: "The Ten Rune Challenge").
             The game lasted 00:02:47 (363 turns).

Ankalagon the Slasher (Demonspawn Abyssal Knight)    Turns: 363, Time: 00:02:48

Health: 0/29       AC:  3    Str: 12    XL:     3   Next: 64%
Magic:  1/5        EV: 12    Int: 13    God:    Lugonu [**....]
Gold:   31         SH:  0    Dex: 13    Spells: 2/2 levels left

rFire    . . .     SeeInvis .   a - +1 falchion
rCold    . . .     Gourm    .   (no shield)
rNeg     . . .     Faith    .   b - +0 leather armour
rPois    .         Spirit   .   (no helmet)
rElec    .         Reflect  .   (no cloak)
rCorr    .         Harm     .   (no gloves)
MR       .....     NoTele   +   (no boots)
Stlth    ++........             (no amulet)
HPRegen  0.09/turn              (no ring)
MPRegen  0.09/turn              (no ring)

@: hasted, very quick
A: hooves 1, camouflage 1, mutation resistance 1
a: Bend Space, Renounce Religion


You were in the Dungeon.
You worshipped Lugonu.
Lugonu was pleased with you.
You were not hungry.

You visited 1 branch You collected 31 gold pieces.

Inventory:

Hand Weapons
 a - a +1 falchion (weapon)
Missiles
 l - 16 stones (quivered)
Armour
 b - a +0 leather armour (worn)
Scrolls
 h - a scroll of torment {unknown}
 i - a scroll of blinking
 j - 3 scrolls of remove curse {unknown}
 m - 3 scrolls of identify
 n - a scroll of holy word {unknown}
Potions
 d - a potion of curing
 e - a potion of heal wounds
 g - 2 potions of magic
 k - a potion of might {unknown}
 o - 4 potions of mutation
 p - 4 potions of flight
Comestibles
 c - 3 rations


   Skills:
 + Level 3.5 Fighting
 + Level 6.1 Long Blades
 - Level 1.7 Armour
 + Level 1.7 Dodging
 + Level 3.3 Invocations


You had 2 spell levels left.
You didn't know any spells.
Your spell library was empty.

Dungeon Overview and Level Annotations

Branches:
Dungeon (1/1)

Altars:


Innate Abilities, Weirdness & Mutations

You have large cloven feet.
Your skin changes colour to match your surroundings (Stealth+).
You are somewhat resistant to further mutation.


Message History

The water elemental is unaffected.
You feel somewhat more hungry.
You can no longer banish your foes.
There is an open door to the Ecumenical Temple here.
There is an open door to the Ecumenical Temple here.
You hit the water elemental.
The water elemental is lightly damaged.
The water elemental hits you!
The water elemental engulfs you in water!
You hit the water elemental but do no damage.
Your kick misses the water elemental.
The water elemental is lightly damaged.
Your lungs strain for air!
The water elemental hits you.
You are too injured to fight recklessly!
You are too injured to fight recklessly!
You slip free of the water engulfing you.
You gasp with relief as air once again reaches your lungs.
You feel yourself speed up. The water elemental hits you!
Ouch! That really hurt!
You die...

▓▓▓▓▓▓▓▓ ▓▓▓ <..#...####
##.# ...#......#####..#
..##.......#..#..#
##.##.##...#..#..###+#+###+
##.##.###..##'#..#.........
#.####[##..###..@E.⌠.......
.###..##..####...#...######
#..÷..##..###....#.⌠.#
###..##...##.....#...#
##..##....#÷.....#+###
#..###..##.#.....# #..#
#..#####....# ▓▓▓▓ ▓▓▓▓
▓▓▓▓▓▓


You could see a water elemental.

Vanquished Creatures
  Jessica (D)
  A human (D)
  An ooze (D)
  A phantom (D)
  2 rats (D)
6 creatures vanquished.

Vanquished Creatures (others)
  2 draconian scorchers (D)
  6 hellions (D)
  A yaktaur (D)
9 creatures vanquished.

Grand Total: 15 creatures vanquished

Notes
Turn   | Place    | Note
-------+----------+-------------------------------------------
     0 | D        | Ankalagon the Demonspawn Abyssal Knight began the quest for
                  | the Orb.
     0 | D        | Reached XP level 1. HP: 18/18 MP: 2/2
     9 | D        | Reached skill level 2 in Long Blades
    13 | D        | Reached ** piety under Lugonu
    13 | D        | Reached skill level 3 in Long Blades
    27 | D        | Noticed Jessica
    40 | D        | Killed Jessica
    40 | D        | Reached skill level 5 in Long Blades
    40 | D        | Gained mutation: You have large cloven feet. [demonic
                  | ancestry]
    40 | D        | Reached XP level 2. HP: 19/24 MP: 3/3
    40 | D        | Reached XP level 3. HP: 23/29 MP: 4/4
    85 | D        | Killed a yaktaur
    92 | D        | Killed a hellion
    93 | D        | Killed a hellion
   124 | D        | Killed a hellion
   125 | D        | Killed a hellion
   126 | D        | Reached skill level 6 in Long Blades
   126 | D        | Reached skill level 1 in Dodging
   160 | D        | Reached *** piety under Lugonu
   188 | D        | Killed a hellion
   189 | D        | Killed a white draconian scorcher
   202 | D        | Killed a white draconian scorcher
   229 | D        | Killed a hellion
   300 | D        | Noticed a water elemental
   323 | D        | Gained mutation: Your skin changes colour to match your
                  | surroundings (Stealth+). [potion of mutation]
   323 | D        | Gained mutation: You are frail. (-10% HP) [potion of
                  | mutation]
   323 | D        | Gained mutation: You expend magic power (3 MP) to
                  | strengthen your wands. [potion of mutation]
   324 | D        | Lost mutation: You are frail. (-10% HP) [potion of
                  | mutation]
   324 | D        | Lost mutation: You expend magic power (3 MP) to strengthen
                  | your wands. [potion of mutation]
   324 | D        | Gained mutation: You are somewhat resistant to further
                  | mutation. [potion of mutation]
   363 | D        | Slain by a water elemental

Levels and vault maps discovered:
D:        dungeon_sprint_mu [sprint_mu_entry_cave, sprint_mu_temple_rooms,
          sprint_mu_d1_spiders, sprint_mu_d2_genie, sprint_mu_d3_branching,
          sprint_mu_orc_legion, sprint_mu_elf_gauntlet, sprint_mu_hive_nellie,
          sprint_mu_lair_fedhas, sprint_mu_vaults_butterflies,
          sprint_mu_slime_circle, sprint_mu_shoals_kraken,
          sprint_mu_snake_twists, sprint_mu_blade_basic, sprint_mu_crypt_lich,
          sprint_mu_tomb_spiral, sprint_mu_vestibule_basic,
          sprint_mu_gehenna_hellfire, sprint_mu_dis_giant,
          sprint_mu_tartarus_statrot, sprint_mu_cocytus_islands, sprint_mu_zot1]

Skill      XL: |  1  2  3 |
---------------+----------+-----
Long Blades    | 5 6 |  6.1
Dodging        | 1 |  1.7
Invocations    | 3 |  3.3
Fighting       | |  3.5
Armour         | |  1.7

Action                   || total
-------------------------++-------
Melee: Falchion          ||    25
       Kick              ||     1
Invok: Banish            ||     1
  Use: Potion            ||     4
Armor: Leather armour    ||     5
Dodge: Dodged            ||     4
       Rpst.: Falchion   ||     2

Table legend:
 A = Non-vault XP
 B = Vault XP
 C = Vault XP percentage of total XP
 D = Non-vault monster count
 E = Vault monster count
 F = Vault count percentage of total count
                 A         B        C        D         E       F
            +---------+---------+-------+---------+---------+-------
      Total |       0 |      77 | 100.0 |       0 |       6 | 100.0
            +---------+---------+-------+---------+---------+-------
          D |       0 |      77 | 100.0 |       0 |       6 | 100.0
            +---------+---------+-------+---------+---------+-------
